 Dungeon Crawl Stone Soup version 0.28.0-1-gb440e238dd (webtiles) character file.

Game seed: 1679884906933217558

38 Ablot the Grasshopper (level 3, 30/31 HPs)
             Began as a Gnoll Warper on Feb 22, 2022.
             Was a Follower of Makhleb.
             Quit the game on level 2 of the Dungeon.
             The game lasted 00:01:37 (1761 turns).

Ablot the Grasshopper (Gnoll Warper)                Turns: 1761, Time: 00:01:38

Health: 30/31      AC:  3    Str: 10 (12) XL:     3   Next: 43%
Magic:  9/9        EV: 12    Int: 11 (12) God:    Makhleb [*.....]
Gold:   51         SH:  0    Dex: 10 (11) Spells: 10/12 levels left

rFire   . . .      SeeInvis .   a - +0 spear
rCold   . . .      Faith    .   (no shield)
rNeg    . . .      Spirit   .   b - +0 leather armour
rPois   .          Reflect  .   (no helmet)
rElec   .          Harm     .   (no cloak)
rCorr   .          Rampage  .   (no gloves)
Will    .....                   (no boots)
Stlth   +.........              (no amulet)
HPRegen 0.10/turn               (no ring)
MPRegen 0.11/turn               (no ring)

@: no status effects
A: fangs 1, strong nose, distributed training, no potion heal 1
a: Renounce Religion


You were on level 2 of the Dungeon.
You worshipped Makhleb.
Makhleb was aware of your devotion.
You visited 1 branch of the dungeon, and saw 2 of its levels.

You collected 51 gold pieces.

Inventory:

Hand Weapons
 a - a +0 spear (weapon)
Missiles
 d - 5 boomerangs of dispersal (quivered)
 j - 9 stones
Armour
 b - a +0 leather armour (worn)
Scrolls
 c - a scroll of blinking
 f - 2 scrolls of identify {unknown}


   Skills:
 + Level 4.5 Fighting
 + Level 0.8 Short Blades
 + Level 0.8 Long Blades
 + Level 0.8 Axes
 + Level 0.8 Maces & Flails
 + Level 4.5 Polearms
 + Level 0.8 Staves
 + Level 0.8 Slings
 + Level 0.8 Bows
 + Level 0.8 Crossbows
 + Level 2.6 Throwing
 + Level 2.6 Armour
 + Level 4.5 Dodging
 + Level 0.8 Stealth
 + Level 0.8 Shields
 + Level 0.8 Unarmed Combat
 + Level 5.0 Spellcasting
 + Level 0.5 Conjurations
 + Level 0.5 Hexes
 + Level 0.5 Summonings
 + Level 0.5 Necromancy
 + Level 5.4 Translocations
 + Level 0.5 Transmutations
 + Level 0.5 Fire Magic
 + Level 0.5 Ice Magic
 + Level 0.5 Air Magic
 + Level 0.5 Earth Magic
 + Level 0.5 Poison Magic
 + Level 1.0 Invocations
 + Level 0.8 Evocations


You had 10 spell levels left.
You knew the following spells:

 Your Spells              Type           Power      Damage    Failure   Level
a - Blink                 Tloc           28%        N/A       4%          2

Your spell library contained the following spells:

 Spells                   Type           Power      Damage    Failure   Level
 Gell's Gravitas          Tloc           14%        N/A       9%          3
 Lesser Beckoning         Tloc           14%        N/A       9%          3
 Teleport Other           Tloc           14%        N/A       9%          3
 Manifold Assault         Tloc           14%        N/A       63%         5


Dungeon Overview and Level Annotations

Branches:
Dungeon (2/15)

Altars:
Makhleb


Innate Abilities, Weirdness & Mutations

You have very sharp teeth.
Your uncanny sense of smell can sniff out nearby items.
Your experience applies equally to all skills.
Potions are less effective at restoring your health.


Message History

You closely miss the giant cockroach. The giant cockroach bites you.
You hit the giant cockroach.
The giant cockroach is moderately wounded.
The giant cockroach barely misses you. The giant cockroach bites you.
You completely miss the giant cockroach.
You bite the giant cockroach, but do no damage.
The giant cockroach is moderately wounded.
The giant cockroach closely misses you.
You barely miss the giant cockroach.
The giant cockroach is lightly wounded.
The giant cockroach barely misses you.
You hit the giant cockroach.
The giant cockroach is moderately wounded.
The giant cockroach bites you but does no damage.
You closely miss the giant cockroach.
The giant cockroach is moderately wounded.
The giant cockroach barely misses you.
You hit the giant cockroach.
You kill the giant cockroach!
Your Invocations skill increases to level 1!
No target in view!
No target in view!
You enter the shallow water.
Moving in this stuff is going to be slow.
You now have 48 gold pieces (gained 1).
You now have 49 gold pieces (gained 1).
You now have 50 gold pieces (gained 1).
There is a faded altar of an unknown god here.
You enter the shallow water.
Moving in this stuff is going to be slow.
You now have 51 gold pieces (gained 1).
There is a faded altar of an unknown god here.
You cannot tell which god this altar belongs to.
Convert to them anyway?
Makhleb accepts your prayer! Makhleb welcomes you!
You can now gain health from killing.
You enter the shallow water.
Moving in this stuff is going to be slow.
Okay, then.
Are you sure you want to abandon this character and quit the game? (Confirm with "yes".)

#..########### ..
.....#......># .###
#..#.#.......#####.#.#
#..#.#.#####........#
#......##.....≈≈≈..#
##........##).≈_≈.##
....†#.##.##..≈≈≈..##
##.###.....†........#
.#.#
####.######@..#...
.#.# #...# #######.
.#.# #...# # ...#
#.... .### ###...##
.†##........ ∆
#........... .)##.....
### ###.


There were no monsters in sight!

Vanquished Creatures
  An adder (D:2)
  A bat (D:2)
  2 endoplasms (D:1)
  2 giant cockroaches
  4 goblins
  2 hobgoblins
  3 quokkas (D:1)
  3 ball pythons (D:1)
  4 kobolds
  3 rats
25 creatures vanquished.

Notes
Turn   | Place    | Note
-------+----------+-------------------------------------------
     0 | D:1      | Ablot the Gnoll Warper began the quest for the Orb.
     0 | D:1      | Reached XP level 1. HP: 20/20 MP: 6/6
   407 | D:1      | Reached XP level 2. HP: 25/26 MP: 7/7
   412 | D:1      | Learned a level 2 spell: Blink
  1311 | D:2      | Reached skill level 5 in Spellcasting
  1311 | D:2      | Reached XP level 3. HP: 5/31 MP: 7/9
  1313 | D:2      | Gained mutation: Potions are less effective at restoring
                  | your health. [potion of mutation]
  1314 | D:2      | HP: 1/31 [poisoned by an adder]
  1733 | D:2      | Found a faded altar of an unknown god.
  1748 | D:2      | Reached skill level 1 in Invocations
  1757 | D:2      | Prayed at the altar of an unknown god.
  1757 | D:2      | Became a worshipper of Makhleb the Destroyer
  1757 | D:2      | Reached * piety under Makhleb
  1761 | D:2      | Quit the game

Illustrated notes

Levels and vault maps discovered:
D:1:      sevenhm_arrival_forest_fort_small_3, layout_basic, serial_rivers,
          chequers_serial_rivers_small_a, chequers_serial_rivers_room_a,
          chequers_serial_rivers_large_a, chequers_serial_rivers_room_a,
          minmay_misc_feat_more_columns, minmay_misc_feat_columns
D:2:      layout_loops_cross, serial_shops, nicolae_shop_statue_plus,
          hellmonk_ecumenical_altar_pennies_from_heaven

Skill      XL: |  1  2  3 |
---------------+----------+-----
Spellcasting   | 5 |  5.0
Invocations    | 1 |  1.0
Fighting       | |  4.5
Short Blades   | |  0.8
Long Blades    | |  0.8
Axes           | |  0.8
Maces & Flails | |  0.8
Polearms       | |  4.5
Staves         | |  0.8
Slings         | |  0.8
Bows           | |  0.8
Crossbows      | |  0.8
Throwing       | |  2.6
Armour         | |  2.6
Dodging        | |  4.5
Stealth        | |  0.8
Shields        | |  0.8
Unarmed Combat | |  0.8
Conjurations   | |  0.5
Hexes          | |  0.5
Summonings     | |  0.5
Necromancy     | |  0.5
Translocations | |  5.4
Transmutations | |  0.5
Fire Magic     | |  0.5
Ice Magic      | |  0.5
Air Magic      | |  0.5
Earth Magic    | |  0.5
Poison Magic   | |  0.5
Evocations     | |  0.8

Action                   || total
-------------------------++-------
Melee: Spear             ||    93
       Bite              ||     8
       Punch             ||     1
  Use: Potion            ||     4
Armor: Leather armour    ||    16
Dodge: Dodged            ||    33
